 Dungeon Crawl Stone Soup version 0.30-a0-737-gf23d94013f (webtiles) character file.

Game seed: 16010985003651367691

16 zinnoa the Magician (level 2, -3/21 HPs)
             Began as a Djinni Necromancer on Feb 2, 2023.
             Slain by a worm (10 damage)
             ... on level 2 of the Dungeon.
             The game lasted 00:01:59 (308 turns).

zinnoa the Magician (Djinni Necromancer)             Turns: 308, Time: 00:02:00

Health: -3/21      AC:  2    Str:  7    XL:     2   Next: 70%
Gold:   35         EV: 12    Int: 16    God:
                   SH:  0    Dex: 13

rFire   + + .      SeeInvis .    (no weapon)
rCold   x . .      Faith    .    (no shield)
rNeg    . . .      Spirit   .    a - +0 robe
rPois   ∞          Reflect  .    (no helmet)
rElec   .          Harm     .    (no cloak)
rCorr   .          Rampage  .    (no gloves)
Will    .....                    (boots unavailable)
Stlth   ++                       (no amulet)
HPRegen 0.23/turn                (no ring)
MPRegen 0.00/turn                (no ring)

@: flying, very slightly contaminated
A: sickness immunity, fire resistance 2, cold vulnerability 1, float, innate
caster, HP casting, extra vitality 1
a: no special abilities


You were on level 2 of the Dungeon.
You visited 1 branch of the dungeon, and saw 2 of its levels.

You collected 35 gold pieces.

Inventory:

Armour
 a - a +0 robe (worn)
Scrolls
 c - a scroll of teleportation {unknown}
 d - a scroll of fog {unknown}
 f - a scroll of immolation {unknown}
 g - a scroll of vulnerability {unknown}
Potions
 b - a potion of magic
 e - a potion of curing {unknown}
 h - a potion of degeneration {unknown}


   Skills:
 + Level 2.2 Dodging
 + Level 1.5 Stealth
 + Level 3.7 Spellcasting


You couldn't memorise any spells.
You knew the following spells:

 Your Spells              Type           Power      Damage    Failure   Level
a - Necrotise             Necr           60%        1d7       3%          1
b - Vampiric Draining     Necr           15%        2d7       11%         3
c - Animate Dead          Necr           15%        N/A       36%         4
d - Agony                 Necr           15%        N/A       71%         5
Your spell library was empty.

Dungeon Overview and Level Annotations

Branches:
Dungeon (1/15)

Altars:

Shops:
D:1 [


Innate Abilities, Weirdness & Mutations

You are immune to sickness and miasma.
You are immune to poison.
Your flesh is very heat resistant. (rF++)
You are vulnerable to cold. (rC-)
You float through the air rather than walking.
You learn spells naturally, not from books.
Your magical power is your life essence.
You have superior vitality. (+4 MHP)


Message History

Aim: a jackal (heavily wounded, chance to affect: 84%)
The jackal writhes in agony.
You kill the jackal!
The dead are walking!
The jackal bites you. x2
Your jackal skeleton barely misses the jackal.
The jackal bites you but does no damage. x2
Aiming: Necrotise (safe; 3% risk of failure)
Press: ? - help, Q - select action Shift-Dir - straight line, f - jackal
Aim: a jackal (chance to affect: 84%)
The jackal writhes in agony.
Your jackal skeleton closely misses the jackal.
The jackal closely misses you. The jackal misses you.
Aiming: Necrotise (safe; 3% risk of failure)
Press: ? - help, Q - select action Shift-Dir - straight line, f/p - jackal
Aim: a jackal (severely wounded, chance to affect: 84%)
The jackal writhes in agony.
You kill the jackal!
The dead are walking!
Your jackal skeleton completely misses the jackal.
The jackal misses you. The worm closely misses you.
Your jackal skeleton closely misses the jackal.
Aiming: Necrotise (safe; 3% risk of failure)
Press: ? - help, Q - select action Shift-Dir - straight line, f - worm
Aim: a worm (chance to affect: 79%)
The worm writhes in agony.
The jackal closely misses you.
Your jackal skeleton barely misses the jackal.
The jackal barely misses you.
Your jackal skeleton closely misses the hobgoblin.
Your jackal skeleton barely misses the jackal.
The hobgoblin hits your jackal skeleton.
Aiming: Necrotise (safe; 3% risk of failure)
Press: ? - help, Q - select action Shift-Dir - straight line, f/p - worm
Aim: a worm (moderately wounded, chance to affect: 79%)
You miscast Necrotise.
You are very lightly contaminated with residual magic.
Nothing appears to happen.
Your jackal skeleton bites the jackal but does no damage.
The jackal barely misses you. The worm bites you!
You die...

#......#
#......##
#........
#........
#$Z......
#.g......
####Zw......
#...@hK.....
#...Z#####..
#.####..$.#
...^......#####
#...)...........
#######.########
#.. ###. ..


You could see a worm, a jackal (ally target), a hobgoblin (ally target), a
kobold and 3 friendly jackal skeletons.

Vanquished Creatures
  2 ball pythons (D:1)
  2 endoplasms (D:1)
  2 goblins (D:1)
  4 jackals
  A quokka (D:1)
11 creatures vanquished.

Vanquished Creatures (collateral kills)
  A ball python (D:1)
  A rat (D:1)
2 creatures vanquished.

Grand Total: 13 creatures vanquished

Notes
Turn   | Place    | Note
-------+----------+-------------------------------------------
     0 | D:1      | zinnoa the Djinni Necromancer began the quest for the Orb.
     0 | D:1      | zinnoa set off with the following spells memorised:
                  | Necrotise, Vampiric Draining, Animate Dead, Agony.
     0 | D:1      | Reached XP level 1. HP: 15/15 MP: 0/0
    66 | D:1      | Found Cecweih's Antique Armour Boutique.
    73 | D:1      | Reached XP level 2. HP: 18/21 MP: 0/0
   294 | D:1      | You are sucked into a shaft and drop 1 floor!
   308 | D:2      | Slain by a worm

Illustrated notes

Levels and vault maps discovered:
D:1:      dpeg_arrival_rooms_with_view, layout_rooms, serial_shops, shop
D:2:      cheibrodos_greedy_goblins, layout_basic

Action                     || total
---------------------------++-------
   Cast: Necrotise         ||    27
 Armour: Robe              ||     3
  Dodge: Dodged            ||    14

Table legend: (Time is in decaauts)
 A = Elapsed time spent in this place.
 B = Non-inter-level travel time spent in this place.
 C = Inter-level travel time spent in this place.
 D = Time resting spent in this place.
 E = Time spent auto-exploring this place.
 F = Levels seen in this place.
 G = Mean time per level.
                   A        B        C        D        E       F      G
               +--------+--------+--------+--------+--------+-----+--------+
         Total |    307 |    283 |     24 |      5 |    196 |   2 |  153.5 |
       Dungeon |    307 |    283 |     24 |      5 |    196 |   2 |  153.5 |
               +--------+--------+--------+--------+--------+-----+--------+

Top non-repeatable levels by time:
     D:1: 294 daAuts
     D:2: 13 daAuts
